 Dungeon Crawl Stone Soup version 0.29.1-12-g30fa7ad0bf (webtiles) character file.

Game seed: 915282808150325931

1466 CaptainMV the Magician (level 8, -3/60 HPs)
             Began as a Demonspawn Wanderer on Dec 21, 2022.
             Slain by an ogre zombie
             ... wielding a +0 giant spiked club of venom
              (9 damage)
             ... on level 5 of the Dungeon.
             The game lasted 00:43:55 (3727 turns).

CaptainMV the Magician (Demonspawn Wanderer)        Turns: 3727, Time: 00:43:56

Health: -3/60      AC:  3    Str: 11    XL:     8   Next: 48%
Magic:  14/16      EV: 12    Int: 16    God:
Gold:   193        SH:  0    Dex: 14    Spells: 14/18 levels left

rFire   x . .      SeeInvis .   a - +6 dagger
rCold   + + .      Faith    .   (no shield)
rNeg    . . .      Spirit   .   F - +0 leather armour {rF+}
rPois   .          Reflect  .   (no helmet)
rElec   .          Harm     .   (no cloak)
rCorr   .          Rampage  .   (no gloves)
Will    .....                   (no boots)
Stlth   ++........              (no amulet)
HPRegen 0.20/turn               j - ring of ice
MPRegen 0.15/turn               x - ring of ice

@: lethally poisoned (-3 -> -21), freezing walls
A: hooves 1, sturdy frame 2
a: no special abilities


You were on level 5 of the Dungeon.
You visited 2 branches of the dungeon, and saw 6 of its levels.
You also visited: Ossuary.

You collected 193 gold pieces.

Inventory:

Hand Weapons
 a - a +6 dagger (weapon)
 b - a +0 sling of flaming
 h - a +1 spear
 H - a +0 sling
Missiles
 f - 2 poisoned darts (quivered)
Armour
 c - a +0 robe
 F - a +0 leather armour of fire resistance (worn)
Jewellery
 j - a ring of ice (left hand)
 p - a ring of see invisible
 x - a ring of ice (right hand)
 G - a +6 ring of intelligence
Wands
 o - a wand of mindburst (8)
 q - a wand of flame (8)
 E - a wand of polymorph (8)
Scrolls
 g - 4 scrolls of butterflies {unknown}
 k - a scroll of vulnerability {unknown}
 l - 2 scrolls of summoning {unknown}
 m - 2 scrolls of magic mapping {unknown}
 n - 2 scrolls of teleportation {unknown}
 r - a scroll of noise {unknown}
 s - 4 scrolls of fear {unknown}
 w - 4 scrolls of poison {unknown}
 y - 2 scrolls of amnesia {unknown}
 A - a scroll of identify {unknown}
 B - a scroll of brand weapon {unknown}
 C - 2 scrolls of immolation {unknown}
 K - a scroll of blinking {unknown}
Potions
 d - 2 potions of attraction {unknown}
 e - 3 potions of curing
 i - 4 potions of flight {unknown}
 t - 3 potions of haste {unknown}
 u - 3 potions of might
 v - 5 potions of brilliance {unknown}
 D - 4 potions of ambrosia {unknown}
 I - 2 potions of resistance
 J - a potion of degeneration {unknown}
Miscellaneous
 z - a piece from Xom's chessboard (14/15)


   Skills:
 + Level 4.0 Fighting
 + Level 2.1 Short Blades
 + Level 1.0 Polearms
 + Level 3.7 Ranged Weapons
 + Level 1.6 Throwing
 + Level 1.8 Dodging
 + Level 0.8 Stealth
 + Level 5.8 Spellcasting
 + Level 5.7 Ice Magic


You had 14 spell levels left.
You knew the following spells:

 Your Spells              Type           Power      Damage    Failure   Level
a - Freeze                Ice            100%       1d11      1%          1
b - Frozen Ramparts       Ice            100%       1d16      4%          3

Your spell library contained the following spells:

 Spells                   Type           Power      Damage    Failure   Level
 Magic Dart               Conj           16%        1d3       14%         1
 Necrotise                Necr           16%        1d4       14%         1
 Call Imp                 Summ           4%         N/A       22%         2
 Mephitic Cloud           Conj/Pois/Air  4%         N/A       38%         3
 Vampiric Draining        Necr           4%         2d6       38%         3
 Ice Form                 Ice/Tmut       31%        N/A       38%         4
 Agony                    Necr           4%         N/A       98%         5


Dungeon Overview and Level Annotations

Branches:
Dungeon (5/15)             Temple (1/1) D:4         Ossuary (visited)

Altars:
Ashenzari
Cheibriados
Dithmenos
Fedhas
Gozag
Kikubaaqudgha
Makhleb
Nemelex Xobeh
Okawaru
Qazlal
Sif Muna
Uskayaw
Vehumet
Xom
Yredelemnul

Shops:
D:4 (   D:5 [(?*

Annotations:
D:5 1 transporter


Innate Abilities, Weirdness & Mutations

You have large cloven feet.
Your movements are less encumbered by armour. (ER -4)


Message History

You shoot a sling bullet.
The sling bullet hits the gnoll sergeant zombie.
The sling bullet burns the gnoll sergeant zombie.
The gnoll sergeant zombie is lightly damaged.
The gnoll sergeant zombie resists.
The wall freezes the gnoll sergeant zombie.
The gnoll sergeant zombie hits you from afar with a +0 trident of venom!
Fire: b) +0 sling (flame)
Press: ? - help, Q - select action, (/) - cycle Shift-Dir - straight line, f/p - gnoll sergeant zombie
Aim: a gnoll sergeant zombie, wielding a +0 trident of venom (poison gas, lightly damaged, 82% to hit)
You shoot a sling bullet.
The sling bullet barely misses the gnoll sergeant zombie.
The gnoll sergeant zombie resists.
The wall freezes the gnoll sergeant zombie.
The gnoll sergeant zombie barely misses you.
Fire: b) +0 sling (flame)
Press: ? - help, Q - select action, (/) - cycle Shift-Dir - straight line, f/p - gnoll sergeant zombie
Aim: a gnoll sergeant zombie, wielding a +0 trident of venom (moderately damaged, 82% to hit)
You shoot a sling bullet.
The sling bullet hits the gnoll sergeant zombie.
The sling bullet burns the gnoll sergeant zombie.
The gnoll sergeant zombie is heavily damaged.
The gnoll sergeant zombie resists.
The wall freezes the gnoll sergeant zombie.
The gnoll sergeant zombie hits you from afar with a +0 trident of venom!
You are poisoned.
The ogre zombie barely misses you.
Your +0 sling of flaming stops flaming.
a - a +6 dagger (weapon)
You feel sick.
The gnoll sergeant zombie resists.
The wall freezes the gnoll sergeant zombie.
The gnoll sergeant zombie hits you from afar with a +0 trident of venom!
* * * LOW HITPOINT WARNING * * *
You are lethally poisoned!
You hit the ogre zombie. You kick the ogre zombie.
The ogre zombie is lightly damaged.
* * * LOW HITPOINT WARNING * * *
You feel very sick.
The ogre zombie hits you with a +0 giant spiked club of venom!
You die...

.............. ..............
.............. ..............
######
..........########.°°°○#
......<...#☼☼.○○○#☼°°☼°#
#.........#.☼☼.☼○#°☼☼○○####
..........#☼○#.#.'○°.$?#..##
..#...#..©#○○©..@Z○○.[©#©.)#
.###..#...#○°#.#.Z☼..$$#...#
..#.......#.☼○.°○#Z○○○○##..#
_.........#○°.○○°#○°○°°##.###
..#.......########.°☼°○#....#
.###.............#######....#
..#................#...>....#
...................#........#
#..##.........#....#........#


You could see a gnoll sergeant zombie, an orc warrior zombie (slow) and an ogre
zombie.

Vanquished Creatures
  Eustachio (D:4)
  2 black bears
  4 elf zombies (Ossuary)
  Blork the orc (D:5)
  2 scorpions
  A hound (D:4)
  6 centaur zombies (Ossuary)
  2 human zombies (Ossuary)
  A jelly (D:5)
  Ijyb (D:4)
  An iguana (D:5)
  An orc wizard (D:4)
  Natasha (D:4)
  3 mummies (Ossuary)
  3 gnolls (D:2)
  10 adders
  A white imp (D:5)
  An ufetubus (D:5)
  A worm (D:2)
  A dart slug (D:1)
  6 orcs
  8 ball pythons
  7 bats
  4 endoplasms
  4 giant cockroaches
  4 goblins
  6 hobgoblins
  8 jackals
  3 quokkas
  4 frilled lizards
  A hobgoblin zombie (D:5)
  7 kobolds
  11 rats
  A rat zombie (D:5)
  2 butterflies (D:3)
120 creatures vanquished.

Vanquished Creatures (others)
  2 withered plants (D:5)
2 creatures vanquished.

Grand Total: 122 creatures vanquished

Notes
Turn   | Place    | Note
-------+----------+-------------------------------------------
     0 | D:1      | CaptainMV the Demonspawn Wanderer began the quest for the
                  | Orb.
     0 | D:1      | CaptainMV set off with the following items: a +1 spear, a
                  | potion of curing, a +0 robe; and the following spell
                  | memorised: Freeze; and the following spells available to
                  | memorise: Frozen Ramparts, Ice Form.
     0 | D:1      | Reached XP level 1. HP: 18/18 MP: 3/3
   128 | D:1      | Gained mutation: You have large cloven feet. [demonic
                  | ancestry]
   128 | D:1      | Reached XP level 2. HP: 19/24 MP: 0/5
   153 | D:1      | Found a faded altar of an unknown god.
   335 | D:1      | Gained mutation: Your movements are slightly less
                  | encumbered by armour. (ER -2) [demonic ancestry]
   335 | D:1      | Reached XP level 3. HP: 29/29 MP: 4/6
   579 | D:2      | Learned a level 3 spell: Frozen Ramparts
   761 | D:2      | Reached XP level 4. HP: 34/35 MP: 1/7
   989 | D:2      | Reached skill level 1 in Ranged Weapons
  1452 | D:3      | Found a shimmering altar of Xom.
  1477 | D:3      | Found an opulent altar of Gozag.
  1674 | D:3      | Reached XP level 5. HP: 41/41 MP: 9/9
  1751 | D:4      | Noticed Eustachio
  1766 | D:4      | Killed Eustachio
  1767 | D:4      | Reached XP level 6. HP: 16/47 MP: 3/11
  1858 | D:4      | Found Lel Pak's Antique Weapon Shop.
  1871 | D:4      | Found a staircase to the Ecumenical Temple.
  1897 | Temple   | Entered the Ecumenical Temple
  1897 | Temple   | Found a transporter.
  1897 | Temple   | Found a transporter.
  1899 | Temple   | Found a transporter.
  1899 | Temple   | Found a transporter.
  2119 | D:4      | Found a broken altar of Ashenzari.
  2235 | D:4      | Noticed Ijyb
  2239 | D:4      | Killed Ijyb
  2307 | D:4      | Reached XP level 7. HP: 52/52 MP: 7/13
  2451 | D:4      | Noticed Natasha
  2454 | D:4      | Killed Natasha
  2455 | D:4      | Reached skill level 1 in Dodging
  2512 | D:5      | Entered Level 5 of the Dungeon
  2512 | D:5      | Found a transporter.
  2516 | D:5      | Found a radiant altar of Vehumet.
  2521 | D:5      | Found Vynkaruh's Weapon Emporium.
  2581 | D:5      | Found Tannycot's Armour Boutique.
  2796 | D:5      | Noticed Blork the orc
  2803 | D:5      | Killed Blork the orc
  2804 | D:5      | Reached skill level 5 in Ice Magic
  2814 | D:5      | Found an ancient bone altar of Kikubaaqudgha.
  2904 | D:5      | Reached skill level 5 in Spellcasting
  2969 | D:5      | Found a sand-covered staircase.
  2977 | Ossuary  | Entered an ossuary
  3172 | Ossuary  | Gained mutation: Your movements are less encumbered by
                  | armour. (ER -4) [demonic ancestry]
  3172 | Ossuary  | Reached XP level 8. HP: 27/60 MP: 9/16
  3549 | Ossuary  | Reached skill level 1 in Short Blades
  3609 | D:5      | Found Denimogo's Magic Scroll Emporium.
  3641 | D:5      | Found Zuxocker's General Store.
  3685 | D:5      | Found a transporter.
  3727 | D:5      | Slain by an ogre zombie

Illustrated notes

Levels and vault maps discovered:
D:1:      dpeg_arrival_three_smaller_balls, layout_rooms,
          ebering_ecumenical_altar_mist
D:2:      layout_loops_corners
D:3:      layout_loops_ring, xom_butterflies, lemuel_doored_altar
D:4:      layout_layer_cave, nicolae_overflow_hidden_temple, temple_statues,
          serial_shops, nicolae_stop_n_shop_1, minmay_misc_feat_diagonals,
          uniq_ijyb, uniq_eustachio, uniq_natasha
D:5:      gammafunk_cloud_chamber, layout_rooms, vehumet_crystals,
          kiku_gazebo_garden_becter, serial_shops, shop,
          nicolae_shop_waterfront, nicolae_shop_crystal, nicolae_shop_trees,
          shop_coins, enter_ossuary_3, st_stairs_2, uniq_blork_the_orc
Temple:   hellmonk_temple_divided_pantheon

Skill      XL: |  1  2  3  4  5  6  7  8 |
---------------+-------------------------+-----
Ice Magic      | 3 4 5 |  5.7
Ranged Weapons | 1 2 3 |  3.7
Spellcasting   | 3 4 5 |  5.8
Dodging        | 1 |  1.8
Short Blades   | 2 |  2.1
Fighting       | 4 |  4.0
Polearms       | |  1.0
Throwing       | |  1.6
Stealth        | |  0.8

Action                   |  1- 3 |  4- 6 |  7- 9 || total
-------------------------+-------+-------+-------++-------
Melee: Spear             |    13 |       |       ||    13
       Kick              |     8 |     2 |    51 ||    61
       Dagger            |    12 |    12 |   108 ||   132
       Punch             |       |       |     4 ||     4
 Fire: Sling             |    37 |    49 |    27 ||   113
Throw: Dart              |       |    10 |     3 ||    13
 Cast: Freeze            |    26 |    41 |    27 ||    94
       Frozen Ramparts   |     3 |     8 |    13 ||    24
Evoke: Piece from Xom's  |       |       |     1 ||     1
Armor: Robe              |    26 |     7 |       ||    33
       Leather armour    |       |       |    30 ||    30
Dodge: Dodged            |    41 |    28 |    73 ||   142
